 Dungeon Crawl Stone Soup version 0.19.4-8-ga85b6b9 (console) character file.

61649 Grinner the Grappler (level 14, -1/96 HPs)
             Began as a Minotaur Transmuter on Feb 8, 2017.
             Was the Champion of Okawaru.
             Slain by an orc warrior
             ... wielding a +0 short sword
              (9 damage)
             ... on level 1 of the Orcish Mines on Feb 9, 2017.
             The game lasted 01:26:01 (28288 turns).

Grinner the Grappler (Minotaur Transmuter)         Turns: 28288, Time: 01:26:02

Health: -1/96      AC: 10    Str: 15    XL:     14   Next: 61%
Magic:  0/24       EV: 22    Int: 14    God:    Okawaru [******]
Gold:   1471       SH:  0    Dex: 12    Spells: 5 memorised, 12 levels left

rFire  + + .     SeeInvis .     a - +2 demon whip (elec)
rCold  + + +     Gourm    .     A - +2 robe {rC+ rF+}
rNeg   + . .     Faith    .     (no shield)
rPois  +         Spirit   +     o - -2 hat of the Alchemist {rElec rPois rF+ rC+ rN+ MR+ rMut rCorr}
rElec  +         Reflect  .     I - +2 cloak {rC+}
rCorr  +         Harm     .     w - +0 pair of gloves (curse)
rMut   +                        h - +2 pair of boots {Fly}
MR     ++...                    p - amulet of guardian spirit
Stlth  +++.......               (no ring)
                                (no ring)

@: heroism, flying
A: retaliatory headbutt, horns 2
a: Heroism, Finesse, Renounce Religion, Stop Flying


You were on level 1 of the Orcish Mines.
You worshipped Okawaru.
Okawaru was exalted by your worship.
You were hungry.

You visited 4 branches of the dungeon, and saw 19 of its levels.
You also visited: Labyrinth, Bailey and Ice Cave.

You collected 1471 gold pieces.

Inventory:

Hand Weapons
 a - a +2 demon whip of electrocution (weapon)
Missiles
 i - 5 javelins of returning (quivered)
 x - 12 arrows
Armour
 h - a +2 pair of boots of flying (worn)
 j - a +2 cloak
 o - the -2 hat of the Alchemist (worn) {rElec rPois rF+ rC+ rN+ MR+ rMut rCorr}
   (You found it on level 6 of the Dungeon)

   It protects you from fire.
   It protects you from cold.
   It insulates you from electricity.
   It protects you from poison.
   It protects you from negative energy.
   It affects your resistance to hostile enchantments.
   It protects you from acid and corrosion.
   It protects you from mutation.
 u - a +2 hat of spirit shield
 w - a cursed +0 pair of gloves (worn)
 A - a +2 robe of resistance (worn)
 I - a +2 cloak of cold resistance (worn)
Rods
 C - a +4 rod of inaccuracy (0/12)
   (You found it in a labyrinth)
Jewellery
 p - an amulet of guardian spirit (around neck)
Wands
 b - a wand of confusion (28/48)
 e - a wand of polymorph (11/24)
 t - a wand of disintegration (4/24)
 D - a wand of polymorph (6/24)
 F - a wand of lightning (0/15)
 J - a wand of flame (3/48)
 K - a wand of digging (7/24)
 N - a wand of acid (4/15)
 O - a wand of confusion (26/48)
 P - a wand of lightning (6/15)
Scrolls
 f - 3 scrolls of fog
 g - 12 scrolls of remove curse
 k - 2 scrolls of immolation
 l - 2 scrolls of teleportation
 q - 8 scrolls of identify
 y - a scroll of holy word
 L - a scroll of enchant weapon
Potions
 n - 3 potions of brilliance
 z - 3 potions of flight
 B - a potion of magic
 G - 3 potions of resistance
Books
 c - a book of Changes

   Spells                             Type                      Level
   a - Beastly Appendage              Transmutation                1
   b - Sticks to Snakes               Transmutation                2
   c - Spider Form                    Transmutation/Poison         3
   d - Ice Form                       Ice/Transmutation            4
   e - Blade Hands                    Transmutation                5
 H - a book of the Tempests

   Spells                             Type                      Level
   a - Static Discharge               Conjuration/Air              3
   b - Lightning Bolt                 Conjuration/Air              5
   c - Fireball                       Conjuration/Fire             5
   d - Tornado                        Air                          9
   e - Shatter                        Earth                        9
 M - a book of Spatial Translocations

   Spells                             Type                      Level
   a - Blink                          Translocation                2
   b - Shroud of Golubria             Charms/Translocation         2
   c - Lesser Beckoning               Translocation                3
   d - Portal Projectile              Translocation                3
   e - Teleport Other                 Translocation                3
   f - Passage of Golubria            Translocation                4
Comestibles
 d - 8 bread rations
 m - 3 meat rations
 r - 34 fruits
 s - 6 slices of pizza
 v - 3 royal jellies


   Skills:
 - Level 1.2(6.2) Fighting
 - Level 12.9(17.9) Maces & Flails
 + Level 12.8(17.8) Dodging
 * Level 14.5(19.5) Unarmed Combat
 + Level 7.3 Spellcasting
 + Level 10.2 Transmutations
 * Level 1.8 Invocations


You had 12 spell levels left.
You knew the following spells:

 Your Spells              Type           Power        Failure   Level  Hunger
a - Ice Form              Ice/Tmut       ###.....     21%         4    ####...
b - Blink                 Tloc           N/A          24%         2    None
s - Spider Form           Tmut/Pois      ###.......   8%          3    ##.....
x - Blade Hands           Tmut           ####......   8%          5    #####..
z - Beastly Appendage     Tmut           ####..       1%          1    None


Dungeon Overview and Level Annotations

Branches:
Dungeon (11/15)            Temple (1/1) D:6            Lair (6/6) D:9
  Swamp (0/4) Lair:2        Snake (0/4) Lair:3        Slime (0/5) Lair:6
    Orc (1/2) D:11

Altars:
Fedhas
Gozag
Hepliaklqana
Kikubaaqudgha
Makhleb
Okawaru
Ru
Sif Muna
Uskayaw
Zin
Jiyva

Shops:
D:8 }


Innate Abilities, Weirdness & Mutations

You reflexively headbutt those who attack you in melee.
You have a pair of horns on your head.


Message History

Press: ? - help, Shift-Dir - straight line, f - orc warrior
Aim: an orc warrior, wielding a short sword and wearing a plate armour The narrow beam of energy misses the orc warrior.
Aiming: Bolt of Inaccuracy
Press: ? - help, Shift-Dir - straight line, f/p - orc warrior
Aim: an orc warrior, wielding a short sword and wearing a plate armour The narrow beam of energy misses the orc warrior.
You gain the combat prowess of a mighty hero.
An orc warrior comes into view. It is wielding a trident.
Wield which item (- for none, * to show all)? (? for menu, Esc to quit)
You hear the crackle of electricity.
a - a +2 demon whip of electrocution (weapon)
The orc warrior hits you with a short sword.
* * * LOW HITPOINT WARNING * * *
You closely miss the orc warrior.
The orc warrior shouts!
You headbutt the orc warrior, but do no damage.
You hit the orc warrior but do no damage.
The orc warrior hits you with a short sword!
You die...

*,,,* ****,,** ***
**,**,,,***,** **,,,**,,*,,,,*
*** *,,,,,,,,,,,,**### **,**
**,,,,,,,,,,,,,..## **,,,**
*,,,,,,,,******#..## **,*,,,*
**,*,*,,,8,,,>_#.$.# **,,,,,****
****,*,,******#@..#**,*,,,***,**
*,,,,,......o....#,,,,,,**,,,*
**,,,,...........#,,,,,**,,,**
*,,,,.#......#....,,,,*,,,,**
**,,,....##.......#,,,,,,,,,,
**,,...#*..........,,,,,,,,*
**,.o.,,....,$....,,,,,*,**
*,,o.,,...........,,,,,,,,,
**,,,,,,,,,,,,,,,,,,,,,,,,,,


You could see 2 orc warriors and an orc (wandering).

Vanquished Creatures
  A frost giant (IceCv)
  Josephine (D:10)
  3 hydras
  An ice dragon (Lab)
  2 catoblepae (Lair:6)
  14 death yaks
  An orc high priest (Bailey)
  The ghost of DarkTechnomancer the Archer, a novice CeHu of Dithmenos (D:7)
  3 hill giants (D:10)
  An orc knight (Bailey)
  A cyclops (D:11)
  3 ugly things
  A centaur zombie (D:11)
  The ghost of Sneeker134 the Grappler, a novice TrMo (D:9)
  8 elephants
  11 black mambas
  An ice statue (IceCv)
  10 spiny frogs
  A torpor snail (Lair:5)
  A kobold demonologist (Bailey)
  12 komodo dragons
  2 rime drakes (Lair:3)
  13 polar bears
  8 blink frogs
  Grinder (D:4)
  A two-headed ogre (D:9)
  2 dream sheep (D:10)
  7 hippogriffs
  Eustachio (D:5)
  7 wyverns
  5 wraiths
  42 yaks
  4 vampire mosquitoes (Lair:2)
  A basilisk (Lair:1)
  A steam dragon (D:10)
  The ghost of zachydoo the Cudgeler, an amateur DsGl (D:4)
  The ghost of cheese the Twirler, an amateur FoGl (D:3)
  Menkaure (D:4)
  10 porcupines
  19 water moccasins
  17 orc warriors
  4 phantoms
  A black bear (D:3)
  3 ice beasts
  A necrophage (D:8)
  11 ogres
  7 centaurs
  24 wolves
  7 crocodiles
  3 big kobolds (D:10)
  Blork the orc (D:5)
  10 bullfrogs
  9 killer bees (D:8)
  4 wights (D:7)
  2 howler monkeys
  5 electric eels
  4 bullfrog zombies
  9 crimson imps
  4 hounds
  2 jellies
  A quasit (D:10)
  A bullfrog skeleton (D:10)
  A centaur skeleton (D:9)
  6 orc priests
  7 orc wizards
  7 iguanas
  7 hell rats (Lair:4)
  9 worker ants
  2 hound skeletons
  2 howler monkey zombies
  6 gnolls
  16 adders
  2 shadow imps
  2 oozes
  A worm (D:3)
  4 leopard geckos
  34 orcs
  A ball python (D:3)
  2 bat zombies (D:2)
  6 giant cockroaches
  16 goblins
  13 hobgoblins
  20 jackals
  6 kobolds
  8 quokkas
  9 bats
  A frilled lizard (D:1)
  A jackal skeleton (D:5)
  A quokka skeleton (D:5)
  7 rats
  A rat zombie (D:2)
533 creatures vanquished.

Vanquished Creatures (others)
  9 fungi
  28 plants
37 creatures vanquished.

Grand Total: 570 creatures vanquished

Notes
Turn   | Place    | Note
-------+----------+-------------------------------------------
     0 | D:1      | Grinner the Minotaur Transmuter began the quest for the Orb.
     0 | D:1      | Reached XP level 1. HP: 16/16 MP: 1/1
    93 | D:1      | Reached XP level 2. HP: 20/23 MP: 3/3
   551 | D:2      | Reached skill level 4 in Unarmed Combat
   580 | D:2      | Reached XP level 3. HP: 16/28 MP: 4/4
   759 | D:2      | Found a glowing silver altar of Zin.
  1129 | D:2      | Found an ancient bone altar of Kikubaaqudgha.
  1453 | D:3      | Reached XP level 4. HP: 30/35 MP: 5/5
  1586 | D:3      | Noticed cheese's ghost (amateur FoGl)
  1855 | D:4      | Found an opulent altar of Gozag.
  1880 | D:4      | Noticed Menkaure
  1890 | D:4      | Killed Menkaure
  1890 | D:4      | Reached skill level 5 in Unarmed Combat
  1890 | D:4      | Reached XP level 5. HP: 12/40 MP: 4/6
  2401 | D:4      | Noticed an ogre
  2407 | D:4      | Killed an ogre
  2407 | D:4      | Reached XP level 6. HP: 4/47 MP: 5/7
  2808 | D:4      | Got a shimmering whip
  2809 | D:4      | Identified the +7 whip of World's End {slash, rPois MP+9 Str+2} (You found it on level 4 of the Dungeon)
  2828 | D:4      | Found an opulent altar of Gozag.
  2973 | D:4      | Found a burning altar of Makhleb.
  3049 | D:4      | Noticed Grinder
  3055 | D:4      | Paralysed by Grinder for 4 turns
  3059 | D:4      | Killed Grinder
  3059 | D:4      | Reached XP level 7. HP: 37/52 MP: 8/8
  3153 | D:4      | Noticed zachydoo's ghost (amateur DsGl)
  3525 | D:4      | Killed zachydoo's ghost
  3525 | D:4      | Reached skill level 5 in Dodging
  4030 | D:4      | Reached skill level 5 in Maces & Flails
  4100 | D:3      | Killed cheese's ghost
  4100 | D:3      | Reached XP level 8. HP: 39/59 MP: 9/9
  4441 | D:5      | Entered Level 5 of the Dungeon
  4608 | D:5      | Noticed Blork the orc
  4621 | D:5      | Killed Blork the orc
  5044 | D:5      | Noticed Eustachio
  5062 | D:5      | Killed Eustachio
  5687 | D:6      | Found a blossoming altar of Fedhas.
  5819 | D:6      | Found a staircase to the Ecumenical Temple.
  5825 | Temple   | Entered the Ecumenical Temple
  5842 | Temple   | Became a worshipper of Warmaster Okawaru
  5896 | D:6      | Reached skill level 5 in Transmutations
  6021 | D:6      | Reached XP level 9. HP: 63/64 MP: 10/10
  6043 | D:6      | Learned a level 3 spell: Spider Form
  6180 | D:7      | Noticed DarkTechnomancer's ghost (novice CeHu)
  6461 | D:7      | Killed DarkTechnomancer's ghost
  6461 | D:7      | Reached * piety under Okawaru
  7356 | D:8      | Reached skill level 10 in Maces & Flails
  7359 | D:8      | Noticed a cyan ugly thing
  7723 | D:8      | Found Imyrie's Gadget Boutique.
  8307 | D:7      | Learned a level 5 spell: Blade Hands
  8413 | D:8      | Killed a cyan ugly thing
  8413 | D:8      | Reached ** piety under Okawaru
  8413 | D:8      | Reached XP level 10. HP: 48/70 MP: 11/11
  9646 | D:8      | Found a deep blue altar of Sif Muna.
  9690 | D:9      | Noticed Sneeker134's ghost (novice TrMo)
  9714 | D:9      | Killed Sneeker134's ghost
 10213 | D:9      | Reached *** piety under Okawaru
 10220 | D:9      | Found a staircase to the Lair.
 10392 | D:9      | Found a flagged portal.
 10404 | Bailey   | Entered a bailey
 10587 | Bailey   | Noticed an orc high priest
 10591 | Bailey   | Noticed an orange demon
 10593 | Bailey   | Killed an orc high priest
 10613 | Bailey   | Reached **** piety under Okawaru
 10628 | Bailey   | Found an iron altar of Okawaru.
 10955 | Bailey   | Reached skill level 6 in Unarmed Combat
 11258 | Bailey   | Noticed an orc knight
 11277 | Bailey   | Killed an orc knight
 11277 | Bailey   | Reached XP level 11. HP: 77/77 MP: 9/12
 12561 | D:10     | Entered Level 10 of the Dungeon
 12561 | D:10     | Noticed a hill giant
 12573 | D:10     | Killed a hill giant
 12573 | D:10     | Reached skill level 7 in Unarmed Combat
 12805 | D:10     | Received a gift from Okawaru
 12805 | D:10     | Reached ***** piety under Okawaru
 12838 | D:10     | Noticed a three-headed hydra
 12852 | D:10     | Killed a three-headed hydra
 12852 | D:10     | Reached skill level 8 in Unarmed Combat
 13042 | D:10     | Reached skill level 10 in Dodging
 13048 | D:10     | Noticed Josephine
 13068 | D:10     | Killed Josephine
 13068 | D:10     | Received a gift from Okawaru
 13295 | D:10     | Noticed a hill giant
 13643 | Lair:1   | Entered Level 1 of the Lair of Beasts
 13648 | Lair:1   | Reached skill level 9 in Unarmed Combat
 13822 | Lair:1   | HP: 1/77 [polar bear (4)]
 14850 | Lair:1   | Reached skill level 10 in Unarmed Combat
 14850 | Lair:1   | Reached XP level 12. HP: 83/84 MP: 10/13
 15304 | Lair:2   | Found a staircase to the Swamp.
 15520 | Lair:2   | Received a gift from Okawaru
 16306 | Lair:2   | Reached skill level 11 in Unarmed Combat
 17174 | Lair:3   | Found a staircase to the Snake Pit.
 17471 | Lair:3   | Found a frozen archway.
 17486 | IceCv    | Entered an ice cave
 17553 | IceCv    | Reached skill level 12 in Unarmed Combat
 17730 | IceCv    | Received a gift from Okawaru
 17730 | IceCv    | Reached XP level 13. HP: 89/90 MP: 18/18
 17733 | IceCv    | Got a ruby-encrusted ring mail {god gift}
 17744 | IceCv    | Identified the +0 ring mail of Amelioration {rElec MR+ MP+9 Str+4} (Okawaru gifted it to you in an ice cave)
 17856 | IceCv    | Noticed a frost giant
 17872 | IceCv    | Killed a frost giant
 18479 | IceCv    | Reached skill level 5 in Spellcasting
 20721 | Lair:4   | Learned a level 4 spell: Ice Form
 20742 | Lair:5   | Reached ****** piety under Okawaru
 20889 | Lair:5   | Found a labyrinth entrance.
 20895 | Lab      | Entered a labyrinth
 21086 | Lab      | Noticed a minotaur
 21106 | Lab      | a minotaur changed into an ice dragon
 21473 | Lab      | Identified a +4 rod of inaccuracy (12/12) (You found it in a labyrinth)
 21477 | Lab      | Learned a level 2 spell: Blink
 21576 | Lair:5   | Reached skill level 13 in Unarmed Combat
 21694 | Lair:5   | Received a gift from Okawaru
 21712 | Lair:5   | Got a scorched crystal plate armour {god gift}
 21713 | Lair:5   | Identified the +0 crystal plate armour of Ogainute {rN+} (Okawaru gifted it to you on level 5 of the Lair of Beasts)
 22530 | Lair:6   | Entered Level 6 of the Lair of Beasts
 23426 | Lair:6   | Found a viscous altar of Jiyva.
 23427 | Lair:6   | Found a staircase to the Slime Pits.
 24362 | Lair:6   | Reached XP level 14. HP: 46/96 MP: 22/22
 25361 | Lair:6   | Reached skill level 10 in Transmutations
 25402 | Lair:6   | Reached skill level 14 in Unarmed Combat
 25406 | Lair:6   | Received a gift from Okawaru
 25845 | Lair:6   | Received a gift from Okawaru
 26903 | D:11     | Reached skill level 1 in Invocations
 27271 | D:11     | Found a staircase to the Orcish Mines.
 28147 | Orc:1    | Entered Level 1 of the Orcish Mines
 28288 | Orc:1    | Slain by an orc warrior

Skill      XL: |  1  2  3  4  5  6  7  8  9 10 11 12 13 14 |
---------------+-------------------------------------------+-----
Transmutations | 2 3 4 5 6 7 8 9 10 | 10.2
Unarmed Combat | 4 5 6 10 12 13 14 | 14.5
Dodging        | 3 4 5 6 8 9 10 11 12 | 12.8
Maces & Flails | 2 5 8 10 12 | 12.9
Spellcasting   | 4 6 7 |  7.3
Invocations    | 1 |  1.8
Fighting       | |  1.2

Action                   |  1- 3 |  4- 6 |  7- 9 | 10-12 | 13-15 || total
-------------------------+-------+-------+-------+-------+-------++-------
Melee: Unarmed           |   114 |    44 |       |    16 |    28 ||   202
       Punch             |     5 |       |     5 |    20 |    58 ||    88
       Headbutt          |    15 |     9 |    45 |   152 |   150 ||   371
       Whip              |       |     5 |   291 |   305 |     5 ||   606
       Kick              |       |     1 |    20 |    43 |       ||    64
       Demon whip        |       |       |       |   643 |   708 ||  1351
       Morningstar       |       |       |       |       |   105 ||   105
Throw: Javelin           |       |       |       |       |     1 ||     1
 Cast: Beastly Appendage |       |     4 |     6 |    15 |       ||    25
       Blade Hands       |       |       |       |     1 |     1 ||     2
Invok: Heroism           |       |       |       |    10 |     7 ||    17
Evoke: Wand              |       |       |       |       |     7 ||     7
       Rod               |       |       |       |       |    20 ||    20
  Use: Potion            |     1 |     1 |     6 |    12 |     8 ||    28
       Scroll            |       |     4 |     6 |    14 |    15 ||    39
 Stab: Sleeping          |     1 |     2 |       |       |     2 ||     5
       Fleeing           |       |       |       |       |     1 ||     1
       Petrifying        |       |       |       |       |     1 ||     1
  Eat: Chunk             |     2 |       |    11 |    17 |    18 ||    48
       Meat ration       |       |     1 |     1 |     2 |     2 ||     6
       Beef jerky        |       |       |     1 |       |     4 ||     5
       Bread ration      |       |       |       |     1 |       ||     1
       Pizza             |       |       |       |     1 |       ||     1
Armor: Robe              |    22 |     6 |     9 |    65 |    89 ||   191
       Chain mail        |       |       |    19 |       |       ||    19
       Skin              |       |       |     1 |       |    17 ||    18
Dodge: Dodged            |    83 |    22 |   152 |   479 |   480 ||  1216
Block: Buckler           |       |       |       |    39 |       ||    39
